Match 46232711
Unlisted

Match 46232711
End
Construct Infanterie Kompanie
Kettenkrad Recon Vehicle
MG 42 Machine Gun Team
Grenadier Squad
MG 42 Machine Gun Team
Grenadier Squad
Medical Station
Construct Panzergrenadier Kompanie
Panzergrenadier Squad
Selects Mechanized Battlegroup
Selects Raid Package
Support Elements
StuG III G Assault Gun
Selects StuG Assault Group
Panzergrenadier Squad
Pioneer Squad
StuG Assault Group
Fero Kokotár
nero
xFFlores42x
Kray-Tos
0
0

Comments sign in to comment!

No comments posted yet!